 Dungeon Crawl Stone Soup version 0.22-a0-157-g169b76a (webtiles) character file.

2157 Gorglomux the Cleaver (level 9, -3/75 HPs)
             Began as a Minotaur Air Elementalist on Feb 8, 2018.
             Was a Believer of Okawaru.
             Slain by a troll (14 damage)
             ... on level 7 of the Dungeon.
             The game lasted 00:12:33 (7519 turns).

Gorglomux the Cleaver (Minotaur Air Elementalist)   Turns: 7519, Time: 00:12:33

Health: -3/75      AC:  9    Str: 16    XL:     9   Next: 10%
Magic:  9/10       EV:  9    Int: 12    God:    Okawaru [**....]
Gold:   53         SH:  7    Dex: 11    Spells: 7/10 levels left

rFire    . . .     SeeInvis .   g - +0 hand axe
rCold    . . .     Gourm    +   D - +0 shield
rNeg     . . .     Faith    .   s - +0 scale mail (curse)
rPois    .         Spirit   .   (helmet restricted)
rElec    .         Reflect  .   (no cloak)
rCorr    .         Harm     .   (no gloves)
MR       +....                  e - +1 pair of boots
Stlth    ..........             q - amulet of the gourmand
HPRegen  0.22/turn              m - ring of protection from magic
MPRegen  0.12/turn              N - ring of wizardry

@: drained
A: retaliatory headbutt, horns 2
a: Heroism, Renounce Religion


You were on level 7 of the Dungeon.
You worshipped Okawaru.
Okawaru was pleased with you.
You were completely stuffed.

You visited 1 branch of the dungeon, and saw 7 of its levels.
You also visited: Sewer.

You collected 311 gold pieces.
You spent 258 gold pieces at shops.

Inventory:

Hand Weapons
 g - a +0 hand axe (weapon)
Missiles
 Z - 2 tomahawks (quivered)
Armour
 e - a +1 pair of boots (worn)
 s - a cursed +0 scale mail (worn)
 D - a +0 shield (worn)
 V - a +0 plate armour
Jewellery
 m - a ring of protection from magic (left hand)
 q - an amulet of the gourmand (around neck)
 A - an uncursed ring of protection from cold {unknown}
 N - a ring of wizardry (right hand)
 S - a cursed amulet of inaccuracy {unknown}
 X - an uncursed amulet of magic regeneration {unknown}
Wands
 I - a wand of iceblast (14)
Scrolls
 n - a scroll of noise {unknown}
 t - a scroll of blinking {unknown}
 u - a scroll of remove curse {unknown}
 E - 2 scrolls of amnesia {unknown}
 J - 3 scrolls of teleportation {unknown}
 K - a scroll of fog {unknown}
 L - a scroll of fear {unknown}
 M - 5 scrolls of magic mapping
 P - a scroll of immolation
 R - a scroll of identify
 T - 2 scrolls of random uselessness {unknown}
Potions
 d - 2 potions of resistance
 p - 2 potions of agility
 z - a potion of magic {unknown}
 C - 2 potions of lignification
 F - 3 potions of heal wounds {unknown}
 G - 4 potions of brilliance
 H - 3 potions of might
 O - a potion of berserk rage {unknown}
 Q - 8 potions of curing
 W - a potion of invisibility {unknown}
 Y - 2 potions of haste
Books
 b - a book of Air

   Spells                             Type                      Level
   a - Shock                          Conjuration/Air              1
   b - Swiftness                      Charms/Air                   2
   c - Static Discharge               Conjuration/Air              3
   d - Airstrike                      Air                          4
   e - Lightning Bolt                 Conjuration/Air              5
 U - a book of Minor Magic

   Spells                             Type                      Level
   a - Magic Dart                     Conjuration                  1
   b - Blink                          Translocation                2
   c - Call Imp                       Summoning                    2
   d - Slow                           Hexes                        2
   e - Conjure Flame                  Conjuration/Fire             3
   f - Mephitic Cloud                 Conjuration/Poison/Air       3
Comestibles
 c - 11 rations
 B - 5 chunks of flesh


   Skills:
 + Level 6.0(5.8) Fighting
 + Level 9.3(9.0) Axes
 + Level 6.0(5.8) Armour
 + Level 6.1(5.8) Dodging
 - Level 1.5(1.3) Stealth
 + Level 0.6(0.3) Shields
 - Level 1.3(1.1) Spellcasting
 - Level 0.6(0.3) Conjurations
 - Level 2.1(1.9) Air Magic


You had 7 spell levels left.
You knew the following spells:

 Your Spells              Type           Power        Failure   Level  Hunger
a - Shock                 Conj/Air       #...         82%         1    ##.....
b - Swiftness             Chrm/Air       #.......     92%         2    ###....


Dungeon Overview and Level Annotations

Branches:
Dungeon (7/15)             Temple (0/1) D:5

Altars:
Cheibriados
Elyvilon
Gozag
Hepliaklqana
Makhleb
Okawaru
Ru
Vehumet
The Shining One

Shops:
D:5 [*?![

Annotations:
D:3 Purgy


Innate Abilities, Weirdness & Mutations

You reflexively headbutt those who attack you in melee.
You have a pair of horns on your head.


Message History

You closely miss the troll!
The troll is severely wounded!
The troll bites you! You block the troll'butts attack!
The troll claws you but does no damage!
You chop the troll but do no damage! You headbutt the troll!!!
The troll is almost butt!
The troll bites you!!! * * * don't die
* * * The troll claws you! * * * don't die
* * * The troll claws you! * * * don't die
* * * Butt which item? (* to butt all) (? for menu, Butt to quit)
Aiming: Iceblast
Press: ? - help, Shift-Dir - straight line The mass of ice explodes!!!
The iceblast engulfs the troll!
The troll is almost dead!
You butt like a meek peon again!
The troll bites you!!! rip

#######
################.....#
#."..........T@'.....#
#..............#.....#
#..............#.....#
#..............#.....#
#...############.....#
### #...........######
#...........#
#...........#
#...........#


You could see a troll.

Vanquished Creatures
  Eustachio (D:4)
  Edmund (D:5)
  A sky beast (D:5)
  An ogre (D:5)
  A centaur (D:5)
  The ghost of KristoblXynda the Ducker, an amateur SpBe of Trog (D:3)
  3 bullfrogs
  A howler monkey (D:4)
  9 wights (D:6)
  2 crimson imps
  2 hounds (D:4)
  An orc priest (D:4)
  2 orc wizards
  2 bullfrog skeletons
  2 centaur skeletons (D:4)
  3 iguanas
  5 worker ants
  A killer bee zombie (D:6)
  A hound skeleton (D:6)
  20 adders
  7 river rats
  3 shadow imps
  4 oozes
  An adder skeleton (D:6)
  5 worms
  4 dart slugs
  7 leopard geckos
  5 orcs
  12 ball pythons
  6 giant cockroaches
  11 goblins
  6 hobgoblins
  6 jackals (D:2)
  4 quokkas
  7 bats
  7 frilled lizards
  3 kobolds
  A quokka skeleton (D:4)
  36 rats
195 creatures vanquished.

Notes
Turn   | Place    | Note
-------+----------+-------------------------------------------
     0 | D:1      | Gorglomux the Minotaur Air Elementalist began the quest for the Orb.
     0 | D:1      | Reached XP level 1. HP: 14/14 MP: 1/1
   197 | D:1      | Reached skill level 1 in Axes
   197 | D:1      | Reached XP level 2. HP: 17/22 MP: 0/3
   306 | D:1      | Reached skill level 2 in Axes
   508 | D:1      | Reached XP level 3. HP: 27/27 MP: 4/4
   746 | D:2      | Reached skill level 3 in Axes
   902 | D:2      | Found an opulent altar of Gozag.
  1049 | D:2      | Reached skill level 4 in Axes
  1049 | D:2      | Reached XP level 4. HP: 28/34 MP: 5/5
  1639 | D:3      | Reached skill level 5 in Axes
  1682 | D:3      | Found a white marble altar of Elyvilon.
  1699 | D:3      | Noticed KristoblXynda's ghost (amateur SpBe)
  1790 | D:3      | Reached XP level 5. HP: 39/39 MP: 6/6
  1818 | D:3      | Learned a level 2 spell: Swiftness
  2101 | D:3      | Found a burning altar of Makhleb.
  2145 | D:3      | Noticed Purgy
  2350 | D:3      | Killed KristoblXynda's ghost
  2350 | D:3      | Reached skill level 6 in Axes
  2932 | D:4      | Reached XP level 6. HP: 41/46 MP: 7/7
  2963 | D:4      | Reached skill level 7 in Axes
  3333 | D:4      | Reached skill level 1 in Fighting
  3333 | D:4      | Reached skill level 1 in Armour
  3350 | D:3      | Found a hazy altar of Hepliaklqana.
  3350 | D:3      | Found an iron altar of Okawaru.
  3358 | D:3      | Became a worshipper of Warmaster Okawaru
  3683 | D:4      | Reached skill level 3 in Dodging
  3738 | D:4      | Reached XP level 7. HP: 41/56 MP: 8/8
  4236 | D:5      | Entered Level 5 of the Dungeon
  4250 | D:5      | Found Guqenoevvi's General Store.
  4260 | D:5      | Bought a potion of haste for 120 gold pieces
  4260 | D:5      | Bought a scroll of immolation for 42 gold pieces
  4290 | D:5      | Found Doqer's Armour Shoppe.
  4491 | D:5      | Reached * piety under Okawaru
  4491 | D:5      | Reached skill level 3 in Fighting
  4491 | D:5      | Reached skill level 3 in Armour
  4780 | D:5      | Found a snail-covered altar of Cheibriados.
  4784 | D:5      | Found Yfroh's Distillery.
  4811 | D:5      | Found Futono's Magic Scroll Emporium.
  4836 | D:5      | Found Heuch's Armour Shoppe.
  4857 | D:5      | Reached skill level 8 in Axes
  4893 | D:5      | Noticed Edmund
  5074 | D:5      | Killed Edmund
  5074 | D:5      | Reached XP level 8. HP: 50/66 MP: 9/9
  5144 | D:5      | Noticed Eustachio
  5217 | D:4      | Killed Eustachio
  5280 | D:5      | Found a staircase to the Ecumenical Temple.
  5426 | D:6      | Found a radiant altar of Vehumet.
  5467 | D:6      | Found a glowing golden altar of the Shining One.
  5554 | D:6      | Reached ** piety under Okawaru
  5625 | D:6      | Found a sacrificial altar of Ru.
  5882 | D:6      | Found a glowing drain.
  5887 | Sewer    | Entered a sewer
  6425 | Sewer    | Reached skill level 9 in Axes
  6707 | D:6      | Reached XP level 9. HP: 41/75 MP: 8/10
  6789 | D:6      | Reached skill level 6 in Dodging
  6966 | D:6      | Reached skill level 6 in Fighting
  7041 | D:5      | Bought a +0 shield for 63 gold pieces
  7057 | D:5      | Bought a potion of lignification for 33 gold pieces
  7241 | D:6      | Reached skill level 6 in Armour
  7495 | D:7      | Noticed a troll
  7519 | D:7      | Slain by a troll

Vault maps used:
D:1:      lightli_arrival_chessboard
D:2:      lemuel_round_altar
D:3:      elyvilon_altar_3, nicolae_overflow_hidden_temple, first_ration,
          uniq_purgy
D:4:      serial_glass, glass_columns_c, glass_columns_a
D:5:      kennysheep_mini_moat, temple_statues, serial_shops,
          nicolae_shop_trees, shop, nicolae_shop_competitors_out_of_business,
          nicolae_shop_stone, shop, uniq_eustachio, uniq_edmund
D:6:      old_standard_altar, nicolae_ru_great_annihilating_truth, basic_altar,
          lightli_sewer_entry_pipes
Sewer:    sewer_minmay_w

Skill      XL: |  1  2  3  4  5  6  7  8  9 |
---------------+----------------------------+-----
Axes           | 1 2 4 5 6 7 8 9 |  9.3
Fighting       | 2 4 5 6 |  6.0
Armour         | 2 3 5 6 |  6.0
Dodging        | 3 4 5 6 |  6.1
Stealth        | |  1.5
Shields        | |  0.6
Spellcasting   | |  1.3
Conjurations   | |  0.6
Air Magic      | |  2.1

Action                   |  1- 3 |  4- 6 |  7- 9 || total
-------------------------+-------+-------+-------++-------
Melee: Hand axe          |    62 |   208 |   465 ||   735
       Unarmed           |     1 |       |       ||     1
       Headbutt          |     6 |    25 |    56 ||    87
       Punch             |       |       |     1 ||     1
Throw: Tomahawk          |       |     1 |     9 ||    10
 Cast: Shock             |    12 |     1 |     2 ||    15
Invok: Heroism           |       |       |     8 ||     8
Evoke: Wand              |       |       |     1 ||     1
  Use: Scroll            |       |     4 |     2 ||     6
       Potion            |       |     1 |       ||     1
 Stab: Invisible         |       |       |     3 ||     3
       Paralysed         |       |       |     1 ||     1
  Eat: Chunk             |    15 |     9 |    13 ||    37
Armor: Robe              |    11 |       |       ||    11
       Scale mail        |     2 |    92 |   194 ||   288
Dodge: Dodged            |    55 |   106 |   275 ||   436
Block: Shield            |       |       |    31 ||    31

Table legend:
 A = Spawn XP
 B = Non-spawn XP
 C = Spawn XP percentage of total XP
 D = Spawn monster count
 E = Non-spawn monster count
 F = Spawn count percentage of total count
 G = Total turns spent on level
                    A         B        C        D         E        F      G
               +---------+---------+-------+---------+---------+-------+---------
         Total |       0 |    3082 |   0.0 |       0 |     195 |   0.0 |  7519
               +---------+---------+-------+---------+---------+-------+---------
           D:1 |       0 |      51 |   0.0 |       0 |      21 |   0.0 |   743
           D:2 |       0 |     113 |   0.0 |       0 |      27 |   0.0 |   996
           D:3 |       0 |     183 |   0.0 |       0 |      23 |   0.0 |  1154
           D:4 |       0 |     603 |   0.0 |       0 |      20 |   0.0 |  1499
           D:5 |       0 |     776 |   0.0 |       0 |      18 |   0.0 |  1084
           D:6 |       0 |     897 |   0.0 |       0 |      31 |   0.0 |  1244
           D:7 |       0 |      95 |   0.0 |       0 |       7 |   0.0 |   212
         Sewer |       0 |     364 |   0.0 |       0 |      48 |   0.0 |   587
               +---------+---------+-------+---------+---------+-------+---------
